kat, chaotic female human Monk ------ ----- |....| `@######....| |....| # |.`.| |.....#### ##-...| |....| # ------- # |....# -.--.- ##......+ # # -----# # # |.....| # # # # # |...<.| ### # # # ## |.....|############ ####### # # |.....|#### # #---.--- # ### --.----## #|....>| ### ### #### #......| ##############% ###### ## |.....| #%#-|-.-`#########%########### ------- #....| # ### --.--# |....############# # |....# |...| ##....| |....##################`|...| ----- ----- kat the Candidate Experience level: 2 Strength: 16 Dexterity: 15 Constitution: 10 Intelligence: 9 Wisdom: 15 Charisma: 11 Health: 15(20) Energy: 12(12) Def: 9 Gold: 617 Moves: 869 Dungeon seed: nJULiZdMedQKsHHe Game ID: kat_1576005215 Your Inventory: Coins $ - 617 gold pieces Weapons k - a +0 spetum (weapon in hands) Armor e - an uncursed +2 pair of leather gloves (being worn) n - an uncursed +1 robe (being worn) q - an uncursed rusty +0 orcish helm r - an uncursed +0 pair of speed boots (being worn) y - an uncursed +1 orcish helm (being worn) Comestibles f - 4 uncursed food rations g - 5 uncursed apples h - 7 uncursed oranges i - 3 uncursed fortune cookies p - 2 uncursed slime molds Scrolls b - an uncursed scroll of create monster Spellbooks a - a blessed spellbook of protection Potions c - 2 uncursed potions of healing d - a blessed potion of healing m - a cursed potion of polymorph o - an uncursed potion of gain ability Wands j - a wand of wishing (0:3) Gems z - an uncursed worthless piece of violet glass N - an uncursed citrine stone Spells and supernatural/magical abilities: Name Level Category Fail Memory p - protection 1 clerical 0% 96% W - pray for help -- divine ? -- Your skills at the end: Fighting Skills martial arts [Basic] Weapon Skills Spellcasting Skills healing spells [Basic] Final Attributes: You were piously aligned. You were sleep resistant. You saw invisible. You were very fast. You were lucky. You survived. Vanquished creatures: 3 coyotes 4 jackals 2 goblins 2 grid bugs a bat 4 lichens 2 newts 18 creatures vanquished. Voluntary challenges: You followed a strict vegan diet. You were an atheist. You used a wielded weapon 14 times, starting on turn 353. You were illiterate. You never genocided any monsters. You never polymorphed an object. You never changed form. You used no wishes. You never split a pudding. You never wrote Elbereth's name. You never violated your personal moral code. Dungeon overview: The Dungeons of Doom: levels 1 to 4 Level 1 a long staircase Level 2 a general store, a fountain Level 3 Level 4 <- You were here stairs to The Gnomish Mines The Gnomish Mines: Level 5 stairs to The Dungeons of Doom History has recorded: On T:1 you entered the Dungeons of Doom to retrieve the Amulet of Yendor! On T:94 you reached level 2 of The Dungeons of Doom. On T:269 you advanced to experience level 2. On T:306 you reached level 3 of The Dungeons of Doom. On T:617 you reached level 4 of The Dungeons of Doom. On T:816 you reached level 1 of The Gnomish Mines. Score breakdown: Gold: 617 ( 9493 points) Experience: 2 levels ( 5570 points) Exploration: 5 levels ( 10.42%) ( 8751 points) Discoveries: 1 item ( 0.36%) ( 1796 points) Valuables value: (no points given unless you survive) Artifact value: 0 ( 0 points) Variety of kills: 7 monsters ( 1.84%) ( 4066 points) Turncount: 869 turns ( 0 points) Survival: quit (score multiplied by 90%) Total score: 26708 Latest messages: You hit the coyote. The coyote bites! You miss the coyote. The coyote bites! You kill the coyote! You see here a coyote corpse. The coyote bites! You kill the newt! The coyote bites! The coyote misses. m - a milky potion. o - a dark green potion. You see here a statue of a newt. $ - 151 gold pieces. You see here 2 slime molds. (2x) p - 2 slime molds. This door is locked. That door is closed. (14x) As you kick the door, it crashes open! With great effort you move the boulder. You try to move the boulder, but in vain. (9x) Final status: Goodbye kat the Monk, quit... You quit in The Dungeons of Doom on dungeon level 4 with 26708 points, and 617 pieces of gold, after 869 moves. You were level 2 with a maximum of 20 hit points when you quit.